 Dungeon Sprint DCSS version 0.28-a0-8-g6e044cfa68 (webtiles) character file.

Game seed: 10159110835753681269

353 mhtbhm the Basher (level 6, -3/100 HPs)
             Began as a Troll Monk on July 24, 2021.
             Was a High Priest of Qazlal.
             Slain by a death yak (10 damage)
             ... in the Dungeon (Sprint VII: "The Pits").
             The game lasted 00:01:13 (516 turns).

mhtbhm the Basher (Troll Monk)                       Turns: 516, Time: 00:01:14

Health: -3/100     AC:  7    Str: 22    XL:     6   Next: 35%
Magic:  8/8        EV: 11    Int:  6    God:    Qazlal [*****.]
Gold:   0          SH:  7    Dex: 12    Spells: 5/5 levels left

rFire   . . .      SeeInvis .   a - +2 mace
rCold   . . .      Faith    .   (no shield)
rNeg    . . .      Spirit   .   b - +0 robe
rPois   .          Reflect  .   (helmet restricted)
rElec   .          Harm     .   (no cloak)
rCorr   .          Rampage  .   (gloves unavailable)
Will    .....      NoTele   +   (boots unavailable)
Stlth   ..........              (no amulet)
HPRegen 1.26/turn               (no ring)
MPRegen 0.11/turn               (no ring)

@: berserking, protected from physical damage, repel missiles, very quick
A: large, unfitting armour, claws 3, regeneration 1, shaggy fur 1, tough skin 1
a: Renounce Religion, Upheaval, Elemental Force, Disaster Area


You were in the Dungeon.
You worshipped Qazlal.
Qazlal was extremely pleased with you.
You visited 1 branch

Inventory:

Hand Weapons
 a - a +2 mace (weapon)
Armour
 b - a +0 robe (worn)
Scrolls
 h - a scroll of blinking
 j - 5 scrolls of amnesia
 k - a scroll of summoning
Potions
 c - 5 potions of curing
 d - 4 potions of heal wounds
 e - a potion of haste
 f - 4 potions of magic
 g - 2 potions of berserk rage
 i - 2 potions of invisibility


   Skills:
 + Level 6.2 Fighting
 + Level 8.4 Maces & Flails
 + Level 5.5 Dodging
 - Level 1.4 Stealth
 + Level 0.8 Shields
 * Level 4.1 Invocations


You had 5 spell levels left.
You didn't know any spells.
Your spell library was empty.

Dungeon Overview and Level Annotations

Branches:
Dungeon (1/1)

Altars:
Ashenzari
Cheibriados
Dithmenos
Elyvilon
Fedhas
Gozag
Hepliaklqana
Kikubaaqudgha
Makhleb
Nemelex Xobeh
Okawaru
Qazlal
Ru
Sif Muna
Trog
Uskayaw
Vehumet
Wu Jian
Xom
Yredelemnul
Zin
The Shining One
Beogh
Jiyva
Lugonu


Innate Abilities, Weirdness & Mutations

You are too large for most types of armour.
You have claws for hands.
Your natural rate of healing is unusually fast.
You are covered in fur. (AC +1)
You have tough skin. (AC +1)


Message History

You block the death yak's attack.
You barely miss the death yak.
The death yak is lightly wounded.
The death yak gores you!!
* * * LOW HITPOINT WARNING * * *
You are too injured to fight recklessly!
You are too injured to fight recklessly!
You are too injured to fight recklessly!
You are too injured to fight recklessly!
You are too injured to fight recklessly!
You are too injured to fight recklessly!
You are too injured to fight recklessly!
You are too injured to fight recklessly!
You are too injured to fight recklessly!
You are too injured to fight recklessly!
You feel much better. The death yak gores you!!
* * * LOW HITPOINT WARNING * * *
Unknown command.
You feel much better. The death yak gores you.
Unknown command.
A red film seems to cover your vision as you go berserk!
You feel yourself moving faster!
You feel mighty! The death yak gores you!
You barely miss the death yak.
The death yak is lightly wounded.
The death yak gores you!!
* * * LOW HITPOINT WARNING * * *
You feel protected from physical attacks.
You hit the death yak.
The death yak is lightly wounded.
The death yak gores you!!
* * * LOW HITPOINT WARNING * * *
You barely miss the death yak.
The death yak is lightly wounded.
You hit the death yak.
The death yak is lightly wounded.
The death yak barely misses you.
You sock the death yak!
The death yak is moderately wounded.
The death yak gores you!
You die...

#.#........##.......#
#'###########.......#
#.†.....# #########
#†###...# #.#.....#
#.#...#.#+#
#.....#.#.+
#...###.#Y#
#.......'@#
###########


You could see a death yak.

Vanquished Creatures
  A sky beast (D)
  A wolf (D)
  A scorpion (D)
  A hound (D)
  A jelly (D)
  An orc wizard (D)
  A river rat (D)
  A white imp (D)
  7 orcs (D)
  2 ball pythons (D)
  An endoplasm (D)
  A giant cockroach (D)
  A goblin (D)
  3 jackals (D)
  A ball python zombie (D)
24 creatures vanquished.

Notes
Turn   | Place    | Note
-------+----------+-------------------------------------------
     0 | D        | mhtbhm the Troll Monk began the quest for the Orb.
     0 | D        | Reached XP level 1. HP: 22/22 MP: 0/0
    16 | D        | Reached skill level 3 in Maces & Flails
    22 | D        | Found a bloodstained altar of Trog.
    22 | D        | Found a shimmering blue altar of Sif Muna.
    22 | D        | Found a viscous altar of Jiyva.
    22 | D        | Found a hazy altar of Hepliaklqana.
    22 | D        | Found an opulent altar of Gozag.
    23 | D        | Found a glowing golden altar of the Shining One.
    23 | D        | Found a glowing silver altar of Zin.
    23 | D        | Found a basalt altar of Yredelemnul.
    23 | D        | Found a shimmering altar of Xom.
    23 | D        | Found an ornate altar of the Wu Jian Council.
    23 | D        | Found a sacrificial altar of Ru.
    23 | D        | Found a stormy altar of Qazlal.
    23 | D        | Found an iron altar of Okawaru.
    23 | D        | Found a sparkling altar of Nemelex Xobeh.
    23 | D        | Found a burning altar of Makhleb.
    23 | D        | Found a blossoming altar of Fedhas.
    23 | D        | Found a white marble altar of Elyvilon.
    23 | D        | Found a shadowy altar of Dithmenos.
    23 | D        | Found a snail-covered altar of Cheibriados.
    25 | D        | Found a radiant altar of Vehumet.
    25 | D        | Found a corrupted altar of Lugonu.
    26 | D        | Found a hide-covered altar of Uskayaw.
    26 | D        | Found an ancient bone altar of Kikubaaqudgha.
    26 | D        | Found a broken altar of Ashenzari.
    30 | D        | Became a worshipper of Qazlal Stormbringer
    30 | D        | Reached * piety under Qazlal
    30 | D        | Reached ** piety under Qazlal
    68 | D        | Noticed a scorpion
    74 | D        | Killed a scorpion
    75 | D        | Reached skill level 4 in Maces & Flails
    75 | D        | Reached XP level 2. HP: 17/32 MP: 1/1
    75 | D        | Reached XP level 3. HP: 21/39 MP: 2/2
   274 | D        | Reached *** piety under Qazlal
   275 | D        | Reached skill level 5 in Maces & Flails
   275 | D        | Reached XP level 4. HP: 43/49 MP: 3/3
   296 | D        | Reached **** piety under Qazlal
   356 | D        | Noticed a sky beast
   356 | D        | Noticed a wolf
   368 | D        | Reached ***** piety under Qazlal
   386 | D        | Killed a sky beast
   387 | D        | Reached skill level 5 in Fighting
   387 | D        | Reached skill level 6 in Maces & Flails
   387 | D        | Reached skill level 5 in Dodging
   387 | D        | Reached XP level 5. HP: 36/57 MP: 3/5
   416 | D        | Reached skill level 7 in Maces & Flails
   444 | D        | Killed a wolf
   445 | D        | Reached XP level 6. HP: 59/67 MP: 7/7
   448 | D        | Reached skill level 8 in Maces & Flails
   503 | D        | Noticed a death yak
   513 | D        | HP: 5/100 [death yak (26)]
   516 | D        | Slain by a death yak

Illustrated notes

Levels and vault maps discovered:
D:        pitsprint [storerooms_1, entrance_room_1, metal_vault_3, armoury_3,
          mini_pit_1, grid_room_1, main_hall_1, silver_pit, the_coven_1,
          the_vestibule_1, steel_vault_3, golden_pit, hallway_of_sentries,
          crystal_vault_2, iron_vault_4, final_vault]

Skill      XL: |  1  2  3  4  5  6 |
---------------+-------------------+-----
Maces & Flails | 4 5 6 7 8 |  8.4
Fighting       | 4 5 6 |  6.2
Dodging        | 4 5 |  5.5
Invocations    | 2 3 4 |  4.1
Stealth        | |  1.4
Shields        | |  0.8

Action                   |  1- 3 |  4- 6 || total
-------------------------+-------+-------++-------
Melee: Mace              |    20 |    75 ||    95
  Use: Potion            |     1 |     3 ||     4
Armor: Robe              |     5 |    13 ||    18
Dodge: Dodged            |     7 |    29 ||    36
Block: Other             |     1 |    15 ||    16

Table legend: (Time is in decaauts)
 A = Elapsed time spent in this place.
 B = Non-inter-level travel time spent in this place.
 C = Inter-level travel time spent in this place.
 D = Time resting spent in this place.
 E = Time spent auto-exploring this place.
 F = Levels seen in this place.
 G = Mean time per level.
                   A        B        C        D        E       F      G
               +--------+--------+--------+--------+--------+-----+--------+
         Total |    523 |    523 |      0 |    239 |     31 |   1 |  523.0 |
       Dungeon |    523 |    523 |      0 |    239 |     31 |   1 |  523.0 |
               +--------+--------+--------+--------+--------+-----+--------+

Top non-repeatable levels by time:
       D: 523 daAuts
